 Dungeon Crawl Stone Soup version 0.18-a0-1577-gf591c28 (webtiles) character file.

42 M4edhros the Sneak (level 3, 0/23 HPs)
             Began as an Octopode Artificer on Mar 19, 2016.
             Slain by a kobold (1 damage)
             ... on level 1 of the Dungeon.
             The game lasted 00:00:46 (659 turns).

M4edhros the Sneak (Octopode Artificer)              Turns: 659, Time: 00:00:46

Health: 0/23       AC:  1    Str: 10    XL:     3   Next: 54%
Magic:  0/5        EV: 13    Int: 15    God:
Gold:   30         SH:  0    Dex: 12    Spells: 0 memorised, 2 levels left

rFire  . . .     SeeInvis .     a - +0 short sword
rCold  . . .     Gourm    .     (no shield)
rNeg   . . .     Faith    .     (helmet restricted)
rPois  .         Spirit   +     k - amulet of guardian spirit
rElec  .         Dismiss  .     l - ring of wizardry
rCorr  .         Reflect  .     (no ring)
SustAt .         Harm     .     (no ring)
MR     .....                    (no ring)
Stlth  +++.......               (no ring)
                                (no ring)
                                (no ring)
                                (no ring)

@: flying, not resistant to hostile enchantments, fairly stealthy
A: almost no armour, amphibious, 8 rings, constrict 8, camouflage 1, gelatinous
body 1
a: no special abilities


You were on level 1 of the Dungeon.
You were not hungry.

You visited 1 branch of the dungeon, and saw 2 of its levels.

You collected 30 gold pieces.

Inventory:

Hand Weapons
 a - a +0 short sword (weapon)
Jewellery
 k - an amulet of guardian spirit (around mantle)
 l - a ring of wizardry (left tentacle)
Wands
 b - a wand of flame (15/48)
 c - a wand of enslavement (15/24)
 d - a wand of random effects (15/48)
Scrolls
 h - 2 scrolls of identify {unknown}
 i - a scroll of magic mapping {unknown}
Potions
 j - 2 potions of magic
Comestibles
 f - 2 bread rations
 g - a meat ration


   Skills:
 - Level 1.0 Fighting
 - Level 1.0 Short Blades
 + Level 3.0 Dodging
 + Level 3.4 Stealth
 - Level 3.2 Evocations


You had 2 spell levels left.
You didn't know any spells.

Dungeon Overview and Level Annotations

Branches:
Dungeon (2/15)

Altars:


Innate Abilities, Weirdness & Mutations

You cannot wear most types of armour.
You are amphibious.
You can wear up to eight rings at the same time.
You can use your tentacles to constrict eight enemies at once.
Your skin changes colour to match your surroundings (Stealth).
Your rubbery body absorbs attacks (AC +1).


Message History

Your Dodging skill increases to level 3!
The kobold barely misses you.
You hit the kobold. Your grab misses the kobold.
The kobold is severely wounded.
The jackal bites you. The kobold hits you.
* * * LOW HITPOINT WARNING * * *
You hit the jackal. Your grab misses the jackal.
The jackal is severely wounded.
The jackal closely misses you. The kobold misses you.
The jackal barely misses you.
You hit the kobold but do no damage. Your grab misses the kobold.
The kobold is severely wounded.
The jackal bites you.
* * * LOW HITPOINT WARNING * * *
The kobold misses you.
The jackal bites you but does no damage.
You hit the jackal. Your grab misses the jackal.
The jackal is almost dead.
The kobold hits you.
You die...

#######
#.....#
#(....#
#####.....###
#@h.'.....'.#
#K#.#.....#.#
#.#.#.....#.##
#.#†#.....#..#
#.#.########.#
#.#.# #.##
#.#.#
######..##
###.#.#
#....#...#
#.....#
#....#...#


You could see a jackal and a kobold.

Vanquished Creatures
  Robin (D:1)
  An ooze (D:1)
  2 dart slugs (D:1)
  A giant gecko (D:1)
  3 giant cockroaches (D:1)
  3 hobgoblins (D:1)
  4 bats (D:1)
  3 goblins (D:1)
  2 kobolds (D:1)
  A rat (D:1)
21 creatures vanquished.

Notes
Turn   | Place    | Note
--------------------------------------------------------------
     0 | D:1      | M4edhros the Octopode Artificer began the quest for the Orb.
     0 | D:1      | Reached XP level 1. HP: 13/13 MP: 3/3
    44 | D:1      | Reached XP level 2. HP: 6/18 MP: 4/4
   502 | D:1      | Reached XP level 3. HP: 20/23 MP: 5/5
   637 | D:2      | Noticed a water elemental
   637 | D:2      | Noticed Robin
   655 | D:1      | Killed Robin
   658 | D:1      | HP: 1/23 [jackal (2)]
   659 | D:1      | Slain by a kobold

Vault maps used:
D:1:      dpeg_arrival_rooms_c
D:2:      nicolae_qazlal_style_of_elements, uniq_robin, uniq_natasha

Skill      XL: |  1  2  3 |
---------------+----------+-----
Stealth        | 2 3 |  3.4
Dodging        | 3 |  3.0
Fighting       | |  1.0
Short Blades   | |  1.0
Evocations     | |  3.2

Action                   || total
-------------------------++-------
Melee: Short sword       ||    42
  Use: Potion            ||     2
 Stab: Sleeping          ||    12
